cohdb
Replays
Latest Replays
All Replays
Popular Replays
Top Player Replays
Match Explorer
How It Works
Community
CoH3 Stats
Reddit
Sign in to upload your games and track your stats! →
Sign in with Steam
Match 46570335
Unlisted
Match 46570335
Overview
Messages
Build Orders
End
Construct Barracks
Engineer Squad
Riflemen Squad
Selects Advanced Infantry Battlegroup
Riflemen Squad
Grenade Package
Riflemen Squad
Air Support Center
Selects Artillery Observers
Grasshopper Recon Run
Construct Motor Pool
P-47 Strafing Run
M8 Greyhound Armored Car
Grasshopper Recon Run
Grasshopper Recon Run
M24 Chaffee Light Tank
Selects M2A1 105mm Howitzer Emplacement
不吃香菜
天天关注喵
Tomsch
Angrybirds
0
0
Comments
sign in to comment!
No comments posted yet!